AoeStats
← cvlp

Arabia

508983726Analyzed
2v2 RM · 8d ago on Sep 24, 2026· 41m 1s· 4 players
Game mode
Random Map
Map size
Medium (4 player)
Population
200
Speed
Normal
Resources
Standard
Victory
Conquest
Starting age
Dark Age
Ending age
Imperial Age
RankedLock teamsTeams togetherTeam positionsShared explorationLock speedFull tech treeHidden civsTurbo modeCheats
Victory
Defeat
🇨🇳 Mapuche · China
1388
+13
🇨🇳 Vikings · China
1358
+14
🇨🇱 Khmer · Chile
1338
-14
🇨🇱 Ethiopians · Chile
1316
-13
Agron
6:40 Loom
9:21 Feudal Age
13:56 Fletching
15:23 Double-Bit Axe
16:40 Padded Archer Armor
22:58 Castle Age
21:27 Horse Collar
21:39 Gold Mining
23:10 Crossbowman
23:47 Bodkin Arrow
24:34 Bow Saw
25:02 Wheelbarrow
36:04 Scale Mail Armor
36:15 Forging
38:23 Iron Casting
40:36 Squires
Crixus Murmillo
8:23 Loom
10:41 Feudal Age
13:51 Castle Age
12:20 Double-Bit Axe
13:21 Horse Collar
20:30 Scale Barding Armor
23:45 Forging
23:51 Bow Saw
26:52 Wheelbarrow
27:07 Chain Barding Armor
28:10 Gold Mining
29:18 Hand Cart
33:00 Imperial Age
30:39 Padded Archer Armor
30:31 Fletching
31:40 Leather Archer Armor
32:37 Elite Skirmisher
33:31 Bodkin Arrow
35:06 Bracer
37:03 Ring Archer Armor
38:07 Gold Shaft Mining
38:55 Ballistics
40:52 Chemistry
39:49 Capped Ram
cvlp
5:26 Loom
8:54 Feudal Age
9:45 Double-Bit Axe
12:34 Horse Collar
16:12 Fletching
17:52 Padded Archer Armor
22:18 Castle Age
20:27 Gold Mining
22:54 Forging
22:59 Scale Barding Armor
22:33 Crossbowman
23:10 Bodkin Arrow
24:19 Bow Saw
26:44 Chain Barding Armor
29:36 Ballistics
29:41 Leather Archer Armor
35:30 Imperial Age
33:15 Town Watch
35:00 Heavy Plow
36:36 Gold Shaft Mining
36:50 Bracer
36:29 Capped Ram
36:42 Arbalester
39:15 Chemistry
38:43 Conscription
39:15 Scale Mail Armor
40:20 Bogsveigar
40:44 Chain Mail Armor
42:01 Plate Mail Armor
42:02 Ring Archer Armor
Teaht
7:09 Loom
9:19 Feudal Age
9:45 Double-Bit Axe
17:14 Castle Age
17:04 Horse Collar
18:12 Gold Mining
22:19 Fletching
23:37 Bodkin Arrow
24:41 Bow Saw
28:16 Padded Archer Armor
30:46 Stone Mining
32:14 Wheelbarrow
32:06 Ballistics
33:33 Hand Cart
37:11 Gold Shaft Mining
36:46 Town Watch
40:59 Imperial Age
39:52 Malon
40:38 Leather Archer Armor
40:34 Forging
Connection lost

Rejoining the realm…

Still unreachable

The connection could not be restored.

Session expired

The server has moved on; the page needs a fresh start.